 Dungeon Sprint DCSS version 0.27-a0-828-g8289197e94 (webtiles) character file.

Game seed: 5545027207915579064

0 mhtbhm the Sneak (level 1, 0/10 HPs)
             Began as a Spriggan Brigand on Mar 30, 2021.
             Slain by a rat (3 damage)
             ... in the Dungeon (Sprint IV: "Fedhas' Mad Dash").
             The game lasted 00:00:08 (8 turns).

mhtbhm the Sneak (Spriggan Brigand)                    Turns: 8, Time: 00:00:08

Health: 0/10       AC:  3    Str:  7    XL:     1   Next: 0%
Magic:  2/2        EV: 16    Int: 12    God:
Gold:   0          SH:  0    Dex: 16    Spells: 0/0 levels left

rFire    . . .     SeeInvis +   a - +2 dagger
rCold    . . .     Faith    .   (shield restricted)
rNeg     . . .     Spirit   .   b - +0 robe
rPois    .         Reflect  .   (helmet restricted)
rElec    .         Harm     .   c - +0 cloak
rCorr    .         Rampage  .   (gloves unavailable)
Will     .....     NoTele   +   (boots unavailable)
Stlth    +++.......             (no amulet)
HPRegen  0.03/turn              (no ring)
MPRegen  0.08/turn              (no ring)

@: very quick
A: very small, no large weapons, unfitting armour, see invisible, speed 3
a: no special abilities


You were in the Dungeon.
You visited 1 branch

Inventory:

Hand Weapons
 a - a +2 dagger (weapon)
Missiles
 d - 8 poisoned darts
 e - a curare-tipped dart (quivered)
Armour
 b - a +0 robe (worn)
 c - a +0 cloak (worn)
Scrolls
 k - a scroll of blinking
Potions
 f - a potion of curing
 g - a potion of heal wounds
 h - a potion of haste
 i - 2 potions of magic
 j - a potion of berserk rage


   Skills:
 + Level 1.5 Fighting
 + Level 2.1 Short Blades
 + Level 2.0 Throwing
 + Level 1.3 Dodging
 + Level 5.8 Stealth


You couldn't memorise any spells.
You didn't know any spells.
Your spell library was empty.

Dungeon Overview and Level Annotations

Branches:
Dungeon (1/1)

Altars:


Innate Abilities, Weirdness & Mutations

You are very small and have problems with some larger weapons.
You are too small for most types of armour.
You have supernaturally acute eyesight. (SInv)
You cover ground extremely quickly. (Speed+++)


Message History

Welcome, mhtbhm the Spriggan Brigand.
Press ? for a list of commands and other information.
Found a staircase leading out of the dungeon.
You open the door.
A rat and a river rat come into view.
Found a ring mail.
Unknown command.
Okay, then.
Throw: 2 darts (curare)
Press: ? - help, Q - select action, (/) - cycle Shift-Dir - straight line, f - river rat
Aim: a river rat (asleep, 98% to hit)
You throw a curare-tipped dart.
The curare-tipped dart hits the river rat.
The river rat is poisoned.
The river rat convulses.
The river rat seems to slow down.
The river rat is almost dead.
There is an open door here.
The river rat bites you!
Ouch! That really hurt!
* * * LOW HITPOINT WARNING * * *
You see here a +0 ring mail.
You are too injured to fight recklessly!
You are too injured to fight recklessly!
You are too injured to fight recklessly!
You are too injured to fight recklessly!
You are too injured to fight recklessly!
You are too injured to fight recklessly!
You are too injured to fight recklessly!
You are too injured to fight recklessly!
You are too injured to fight recklessly!
You are too injured to fight recklessly!
You are too injured to fight recklessly!
Unknown command.
You hit the river rat but do no damage.
The river rat is almost dead.
You kill the river rat!
The rat bites you.
You die...

############
#<..P#..r..#
#PP..'.@...+
#PPPP#...(.#
############


You could see a rat.

Vanquished Creatures
  A river rat (D)
1 creature vanquished.

Notes
Turn   | Place    | Note
-------+----------+-------------------------------------------
     0 | D        | mhtbhm the Spriggan Brigand began the quest for the Orb.
     0 | D        | Reached XP level 1. HP: 10/10 MP: 2/2
     8 | D        | Slain by a rat

Illustrated notes

Levels and vault maps discovered:
D:        dungeon_sprint_fedhas [sprint_temple]

Action                   || total
-------------------------++-------
Melee: Dagger            ||     1
Throw: Dart              ||     1

Table legend: (Time is in decaauts)
 A = Elapsed time spent in this place.
 B = Non-inter-level travel time spent in this place.
 C = Inter-level travel time spent in this place.
 D = Time resting spent in this place.
 E = Time spent auto-exploring this place.
 F = Levels seen in this place.
 G = Mean time per level.
                   A        B        C        D        E       F      G
               +--------+--------+--------+--------+--------+-----+--------+
         Total |      5 |      5 |      0 |      0 |      1 |   1 |    5.0 |
       Dungeon |      5 |      5 |      0 |      0 |      1 |   1 |    5.0 |
               +--------+--------+--------+--------+--------+-----+--------+

Top non-repeatable levels by time:
       D: 5 daAuts
